 Dungeon Crawl Stone Soup version 0.24.0-10-g970556be89 (webtiles) character file.

Game seed: 1945861035098095276, levelgen mode: deterministic

12202 Acheron the Cleaver (level 11, 0/96 (97) HPs)
             Began as a Minotaur Berserker on Nov 3, 2019.
             Was an Elder of Trog.
             Succumbed to a spiny frog's poison
             ... on level 5 of the Lair of Beasts.
             The game lasted 01:31:16 (13615 turns).

Acheron the Cleaver (Minotaur Berserker)           Turns: 13615, Time: 01:31:17

HP:   0/96 (97)     AC: 13    Str: 20 (21) XL:     11   Next: 59%
MP:   12/12         EV: 15    Int:  4 (6)  God:    Trog [****..]
Gold: 858           SH:  6    Dex:  9 (12) Spells: 10/10 levels left

rFire    . . .     SeeInvis +   a - +0 hand axe (flame)
rCold    + . .     Gourm    .   m - +1 buckler
rNeg     . . .     Faith    .   A - +3 leather armour
rPois    .         Spirit   .   (helmet restricted)
rElec    .         Reflect  .   B - +1 cloak
rCorr    .         Harm     .   f - +0 pair of gloves
MR       .....                  R - +1 pair of boots
Stlth    +++.......             (no amulet)
HPRegen  0.26/turn              z - ring of see invisible
MPRegen  0.13/turn              i - ring of protection from cold

@: lethally poisoned (0 -> -3), berserk cooldown, very slightly contaminated,
slowed, very slow
A: retaliatory headbutt, horns 2
a: Berserk, Trog's Hand, Brothers in Arms, Renounce Religion


You were on level 5 of the Lair of Beasts.
You worshipped Trog.
Trog was greatly pleased with you.
You were not hungry.

You visited 4 branches of the dungeon, and saw 18 of its levels.

You collected 1038 gold pieces.
You spent 180 gold pieces at shops.

Inventory:

Hand Weapons
 a - a +0 hand axe of flaming (weapon)
 h - a +3 flail of holy wrath
 n - a +2 dagger of electrocution
 q - a +2 trident of flaming
 w - a +0 war axe
Missiles
 d - 308 stones
 s - 11 atropa-tipped darts
 y - 92 sling bullets
 N - 7 datura-tipped darts (quivered)
 Q - 23 poisoned darts
 S - 2 silver boomerangs
Armour
 f - a +0 pair of gloves (worn)
 m - a +1 buckler (worn)
 A - a +3 leather armour (worn)
 B - a +1 cloak (worn)
 R - a +1 pair of boots (worn)
Jewellery
 b - an uncursed ring of ice
 e - an uncursed amulet of rage
 i - a ring of protection from cold (right hand)
 r - a +3 ring of evasion
 z - a ring of see invisible (left hand)
 T - an uncursed ring of protection from fire {unknown}
 W - a +5 ring of dexterity {unknown}
 X - an uncursed ring of magical power {unknown}
Wands
 F - a wand of acid (8)
 G - a wand of polymorph (7)
 P - a wand of paralysis (7)
 Z - a wand of enslavement (11)
Scrolls
 g - 2 scrolls of fog
 l - a scroll of magic mapping
 o - a scroll of holy word {unknown}
 O - 2 scrolls of remove curse
 V - 3 scrolls of fear
Potions
 j - 2 potions of haste
 k - 2 potions of brilliance
 t - 4 potions of mutation
 u - a potion of might
 v - 3 potions of agility
 x - a potion of curing {unknown}
 D - a potion of heal wounds {unknown}
 I - a potion of cancellation {unknown}
 J - 3 potions of lignification
 K - 2 potions of invisibility {unknown}
 L - a potion of berserk rage
 M - 2 potions of flight {unknown}
 Y - a potion of magic {unknown}
Miscellaneous
 C - a phantom mirror
Comestibles
 c - 21 rations
 U - 4 chunks of flesh


   Skills:
 * Level 9.2 Fighting
 * Level 11.3 Axes
 + Level 1.0(7.3) Maces & Flails
 + Level 0.3(7.2) Polearms
 * Level 6.3 Throwing
 * Level 7.6 Armour
 * Level 8.5 Dodging
 * Level 6.0 Stealth
 - Level 5.5 Shields
 * Level 3.2 Evocations


You had 10 spell levels left.
You didn't know any spells.
Your spell library was empty.

Dungeon Overview and Level Annotations

Branches:
Dungeon (10/15)            Temple (1/1) D:6            Lair (5/6) D:10
    Orc (2/2) D:9             Elf (0/3) Orc:2
  Swamp: Lair:2-4    Shoals: Lair:2-4     Snake: Lair:2-4    Spider: Lair:2-4
  Slime: Lair:5-6

Altars:
Ashenzari
Cheibriados
Dithmenos
Elyvilon
Fedhas
Gozag
Hepliaklqana
Kikubaaqudgha
Makhleb
Nemelex Xobeh
Okawaru
Qazlal
Ru
Sif Muna
Trog
Uskayaw
Vehumet
Wu Jian
Xom
Yredelemnul
Zin
The Shining One

Shops:
D:6 =   D:7 *

Annotations:
D:5 exclusion: upstairs
Lair:1 exclusion: downstairs
Lair:2 exclusion: upstairs
Lair:3 Urug
Orc:1 FortyThree's ghost, journeyman DsGl; rpophessagr's ghost, journeyman HOMo


Innate Abilities, Weirdness & Mutations

You reflexively headbutt those who attack you in melee.
You have a pair of horns on your head.


Message History

You feel your anger nearly subside. You block the spiny frog's attack.
You are no longer berserk.
You are exhausted.
You feel yourself slow down.
* * * LOW HITPOINT WARNING * * *
You feel sick.
Blink to where?
Press: ? - help, Dir - move target cursor
As you read the scroll of blinking, it crumbles to dust.
* * * LOW HITPOINT WARNING * * *
You feel sick.
You hear a loud, deep croak!
The spiny frog gives a loud, deep croak!
* * * LOW HITPOINT WARNING * * *
You feel sick.
The spiny frog croaks.
* * * LOW HITPOINT WARNING * * *
You feel sick.
You die...

..........P............###
.........................##
......$..............(...##.
..^......................##.
.....P..............#.......
..................)........#
..............F.÷...........
..........#.................
........†..@................
........<##.....>...........
..#.........................
..$....<....................
..........................
.........................
......................
....................
..........##....


You could see a neutral spiny frog (insane).

Vanquished Creatures
  3 hydras
  A black mamba (Lair:3)
  4 komodo dragons
  7 trolls
  A polar bear (Lair:4)
  3 hippogriffs
  A wraith (D:10)
  2 wyverns
  A hungry ghost (D:8)
  Menkaure (D:4)
  Edmund (D:5)
  6 water moccasins
  5 orc warriors
  3 porcupines
  A black bear (D:10)
  An eye of draining (D:8)
  3 sky beasts
  5 ice beasts
  2 necrophages
  An ogre (D:7)
  3 phantoms
  2 wolves (D:10)
  4 crocodiles
  A centaur (D:9)
  A big kobold (D:10)
  14 bullfrogs
  A gnoll sergeant (D:10)
  3 scorpions
  An electric eel (Lair:1)
  A howler monkey (D:8)
  A crimson imp (D:7)
  2 bullfrog zombies
  6 hounds
  A jelly (D:8)
  A centaur skeleton (D:6)
  A quasit (D:8)
  2 orc priests
  A gnoll shaman (D:5)
  Natasha (D:3)
  9 orc wizards
  5 worker ants
  2 killer bee zombies
  A hound zombie (D:10)
  A worker ant zombie (D:10)
  A howler monkey zombie (D:6)
  15 gnolls
  5 adders
  2 oozes
  3 adder skeletons
  3 dart slugs
  2 leopard geckos
  41 orcs
  3 giant cockroaches
  15 goblins
  13 hobgoblins
  5 jackals
  10 kobolds
  2 quokkas
  2 ball pythons
  4 bats
  4 frilled lizards
  2 gnoll zombies (D:8)
  A jackal skeleton (D:6)
  A leopard gecko zombie (D:8)
  7 rats
258 creatures vanquished.

Vanquished Creatures (others)
  3 plants
  2 withered plants (Orc:1)
5 creatures vanquished.

Grand Total: 263 creatures vanquished

Notes
Turn   | Place    | Note
-------+----------+-------------------------------------------
     0 | D:1      | Acheron the Minotaur Berserker began the quest for the Orb.
     0 | D:1      | Reached XP level 1. HP: 19/19 MP: 0/0
    97 | D:1      | Reached XP level 2. HP: 27/27 MP: 1/1
   239 | D:3      | Reached skill level 4 in Axes
   846 | D:1      | Reached XP level 3. HP: 26/33 MP: 2/2
  1062 | D:2      | Noticed a scorpion
  1069 | D:2      | Killed a scorpion
  1069 | D:2      | Reached skill level 1 in Stealth
  1069 | D:2      | Reached XP level 4. HP: 18/40 MP: 3/3
  1334 | D:2      | Noticed an ice beast
  1733 | D:1      | Reached ** piety under Trog
  1836 | D:1      | Found a glowing golden altar of the Shining One.
  2161 | D:2      | Reached skill level 1 in Throwing
  2161 | D:2      | Reached XP level 5. HP: 47/47 MP: 4/4
  2327 | D:2      | Found a glowing golden altar of the Shining One.
  2329 | D:2      | Found a shadowy altar of Dithmenos.
  2329 | D:2      | Found an ornate altar of the Wu Jian Council.
  2332 | D:2      | Found a burning altar of Makhleb.
  2332 | D:2      | Found a shimmering altar of Xom.
  2332 | D:2      | Found a radiant altar of Vehumet.
  2505 | D:4      | Noticed a phantom
  2536 | D:4      | Killed a phantom
  2536 | D:4      | Reached skill level 5 in Axes
  2841 | D:3      | Reached XP level 6. HP: 35/53 MP: 5/5
  2949 | D:3      | Found a hazy altar of Hepliaklqana.
  3213 | D:3      | Noticed Natasha
  3216 | D:3      | Killed Natasha
  3227 | D:5      | Entered Level 5 of the Dungeon
  3405 | D:4      | Noticed Menkaure
  3412 | D:4      | Killed Menkaure
  3752 | D:5      | Noticed an ice beast
  3920 | D:5      | Reached *** piety under Trog
  3920 | D:5      | Reached XP level 7. HP: 23/60 MP: 6/6
  3968 | D:5      | Found a sacrificial altar of Ru.
  3984 | D:5      | Reached skill level 6 in Axes
  4351 | D:5      | Reached skill level 1 in Shields
  4435 | D:5      | Reached skill level 5 in Fighting
  4498 | D:5      | Found an ancient bone altar of Kikubaaqudgha.
  4530 | D:5      | Found a blossoming altar of Fedhas.
  4536 | D:5      | Found a white marble altar of Elyvilon.
  4541 | D:5      | Found a sparkling altar of Nemelex Xobeh.
  4614 | D:5      | Found a glowing golden altar of the Shining One.
  4747 | D:6      | Found a staircase to the Ecumenical Temple.
  4859 | D:6      | Found Jazaedaf's Jewellery Shop.
  4876 | D:6      | Bought an uncursed ring of see invisible for 180 gold
                  | pieces
  5119 | D:6      | Found a sacrificial altar of Ru.
  5160 | D:6      | Reached XP level 8. HP: 58/68 MP: 7/7
  5246 | D:6      | Found a sacrificial altar of Ru.
  5494 | D:8      | Reached skill level 5 in Dodging
  5698 | D:7      | Reached skill level 7 in Axes
  5733 | D:7      | Found Ummufat's Lightly-Used Armoury.
  5786 | D:8      | Reached skill level 5 in Armour
  5819 | D:8      | Noticed a troll
  5869 | D:8      | Noticed a hippogriff
  6229 | D:6      | Reached **** piety under Trog
  6435 | Temple   | Entered the Ecumenical Temple
  6596 | D:6      | Reached XP level 9. HP: 49/74 MP: 8/8
  6831 | D:6      | Found an iron altar of Okawaru.
  6861 | D:5      | Noticed Edmund
  6874 | D:5      | Killed Edmund
  7099 | D:5      | Found a shimmering blue altar of Sif Muna.
  7099 | D:5      | Found a faded altar of an unknown god.
  7104 | D:5      | Found an opulent altar of Gozag.
  7106 | D:5      | Found a shadowy altar of Dithmenos.
  7107 | D:5      | Found a faded altar of an unknown god.
  7195 | D:7      | Reached skill level 8 in Axes
  7720 | D:8      | Received a gift from Trog
  7862 | D:8      | Killed a troll
  7940 | D:9      | Reached skill level 9 in Axes
  8020 | D:9      | Noticed a troll
  8097 | D:8      | Found a basalt altar of Yredelemnul.
  8172 | D:9      | Noticed a troll
  8193 | D:9      | Killed a troll
  8193 | D:9      | Reached XP level 10. HP: 85/85 MP: 9/9
  8345 | D:9      | Found a staircase to the Orcish Mines.
  8642 | D:10     | Entered Level 10 of the Dungeon
  8688 | D:10     | Reached skill level 1 in Evocations
  8704 | D:10     | Reached skill level 5 in Stealth
  8711 | D:10     | Reached skill level 5 in Shields
  9199 | D:10     | Reached skill level 5 in Throwing
  9287 | D:10     | Found a staircase to the Lair.
  9333 | D:10     | Received a gift from Trog
 10089 | Orc:1    | Entered Level 1 of the Orcish Mines
 10301 | Orc:1    | Reached ***** piety under Trog
 10301 | Orc:1    | Reached skill level 10 in Axes
 10437 | Orc:2    | Entered Level 2 of the Orcish Mines
 10437 | Orc:2    | Found a staircase to the Elven Halls.
 10449 | Orc:2    | Noticed an orc sorcerer
 10457 | Orc:2    | Paralysed by an orc sorcerer for 7 turns
 10522 | Orc:1    | Received a gift from Trog
 10849 | Orc:1    | Found a runed translucent gate.
 10849 | Orc:1    | Found a runed translucent gate.
 10849 | Orc:1    | Found a runed translucent gate.
 10853 | Orc:1    | Noticed FortyThree's ghost (journeyman DsGl)
 10853 | Orc:1    | Noticed rpophessagr's ghost (journeyman HOMo)
 11269 | Lair:1   | Entered Level 1 of the Lair of Beasts
 11786 | Lair:2   | Noticed a spiny frog
 12164 | Lair:1   | Noticed a spiny frog
 12284 | Lair:1   | Reached XP level 11. HP: 94/94 MP: 11/11
 12577 | Lair:2   | Noticed a five-headed hydra
 12593 | Lair:2   | Killed a one-headed hydra
 12593 | Lair:2   | Reached skill level 1 in Maces & Flails
 12987 | Lair:3   | Noticed Urug
 13308 | Lair:4   | Noticed a death yak
 13443 | Lair:5   | Noticed a six-headed hydra
 13452 | Lair:5   | Killed a one-headed hydra
 13452 | Lair:5   | Reached skill level 11 in Axes
 13512 | Lair:5   | Noticed a seven-headed hydra
 13548 | Lair:5   | Killed a six-headed hydra
 13609 | Lair:5   | HP: 7/144 [poisoned by a spiny frog]
 13612 | Lair:5   | HP: 3/96 [poisoned by a spiny frog]
 13614 | Lair:5   | HP: 1/96 [poisoned by a spiny frog]
 13615 | Lair:5   | Succumbed to a spiny frog's poison

Levels and vault maps discovered:
D:1:      mainiacjoe_arrival_reflecting_pool, layout_rooms, tso_metal_star
D:2:      layout_loops_ring, doesnt_xom_only_xom
D:3:      layout_basic, marbit_many_paths, first_ration, minmay_misc_feat_tiny,
          uniq_natasha
D:4:      kennysheep_the_goblin_king, layout_basic, uniq_menkaure
D:5:      layout_loops_ring, minitemple, lemuel_doored_altar,
          kiku_gazebo_pond_becter, chequers_temple_overflow_minitemple,
          nicolae_ru_the_path_less_chosen, uniq_edmund
D:6:      layout_loops_ring, okawaru_altar_gauntlet_db,
          overflow_temple_1_default, minmay_temple_entry_tees, basic_altar,
          serial_shops, shop, serial_bayou_pond_b, minmay_misc_feat_columns
D:7:      layout_basic, nrook_mini_vaults, minmay_shop_damaged
D:8:      layout_cave_pools, lemuel_zombie_altar_yredelemnul
D:9:      layout_basic, orc_0_dummy
D:10:     layout_stronghold, erik_lair_island
Temple:   kb_temple_of_zot
Lair:1:   layout_gridlike, grunt_megastairs_1
Lair:2:   layout_cave_pods, lemuel_fruit_fields, grunt_megastairs_4,
          infiniplex_staircase_pool, uniq_gastronok
Lair:3:   layout_long_grid, elwin_shoals_entry_rooms,
          minmay_snake_entry_guardpost_small, kennysheep_abandoned_house,
          uniq_urug
Lair:4:   beast_lair_carwin_large_2, layout_hall_layers, st_stairs_11,
          grunt_megastairs_2
Lair:5:   layout_cave_shapes, gammafunk_ghost_grave,
          nicolae_volcano_entry_lava_flow, uniq_rupert
Orc:1:    layout_diamond_mine, gammafunk_ghost_cemetery, uniq_erica
Orc:2:    grunt_orc_cross, layout_caves

Skill      XL: |  1  2  3  4  5  6  7  8  9 10 11 |
---------------+----------------------------------+-----
Axes           | 4 5 6 7 9 10 11 | 11.3
Fighting       | 4 5 6 7 8 9 |  9.2
Armour         | 3 4 5 6 7 |  7.6
Stealth        | 1 2 3 4 5 6 |  6.0
Dodging        | 3 4 5 6 7 8 |  8.5
Throwing       | 1 2 3 4 5 6 |  6.3
Shields        | 2 3 4 5 |  5.5
Evocations     | 2 3 |  3.2
Maces & Flails | 1 |  1.0
Polearms       | |  0.3

Action                   |  1- 3 |  4- 6 |  7- 9 | 10-12 || total
-------------------------+-------+-------+-------+-------++-------
Melee: Hand axe          |    80 |   134 |   299 |   351 ||   864
       Headbutt          |    10 |    26 |    62 |    70 ||   168
       Flail             |       |       |       |    10 ||    10
       Trident           |       |       |       |     4 ||     4
Throw: Javelin           |       |     4 |     8 |    54 ||    66
       Stone             |       |       |       |     1 ||     1
       Dart              |       |       |       |     1 ||     1
Invok: Berserk           |       |     2 |     5 |     5 ||    12
  Use: Scroll            |       |     8 |     5 |     9 ||    22
       Potion            |       |       |     1 |     4 ||     5
 Stab: Sleeping          |       |     4 |     8 |     2 ||    14
       Distracted        |       |       |     2 |       ||     2
  Eat: Chunk             |     1 |     6 |    10 |     9 ||    26
       Ration            |       |     1 |     3 |     4 ||     8
Armor: Animal skin       |    19 |       |       |       ||    19
       Robe              |       |    30 |    23 |       ||    53
       Leather armour    |       |       |    41 |    84 ||   125
Dodge: Dodged            |    41 |    91 |   170 |   210 ||   512
Block: Buckler           |       |     7 |    61 |    98 ||   166
